 Dungeon Crawl Stone Soup version 0.15.2 (webtiles) character file.

589 Aelig the Spear-Bearer (level 7, -1/51 HPs)
             Began as a Merfolk Skald on Jan 26, 2015.
             Slain by a spriggan baker
             ... wielding a +0 dagger
              (4 damage)
             ... on Level 7 of the Dungeon.
             The game lasted 00:17:30 (4461 turns).

Aelig the Spear-Bearer (Merfolk Skald)              Turns: 4461, Time: 00:17:31

HP  -1/51        AC  3     Str 12      XL: 7   Next: 38%
MP  12/12        EV 11     Int 14      God:
Gold 327         SH  0     Dex 17      Spells:  1 memorised,  9 levels left

rFire  . . .     SeeInvis .     h - +2 halberd (freeze)
rCold  . . .     Clarity  .     b - +0 leather armour
rNeg   . . .     rCorr    .     (no shield)
rPois  .         rRot     .     (no helmet)
rElec  .         Spirit   .     (no cloak)
SustAb .         Warding  .     (no gloves)
rMut   .         Stasis   .     (no boots)
Gourm  .                        (no amulet)
MR     .....                    n - ring of teleport control
                                g - +4 ring of dexterity

@: not resistant to hostile enchantments, very unstealthy
A: change form in water, swift swim
a: Evoke Teleport Control


You were on level 7 of the Dungeon.
You were not hungry.

You visited 1 branch of the dungeon, and saw 8 of its levels.

You collected 327 gold pieces.

Inventory:

Hand weapons
 a - a +0 spear
 h - a +2 halberd of freezing (weapon)
Missiles
 r - 2 throwing nets (quivered)
Armour
 b - a +0 leather armour (worn)
 m - a +0 helmet
Magical devices
 x - a wand of slowing (15) {unknown}
 E - a wand of digging (18) {unknown}
Comestibles
 d - 4 bread rations
 z - 3 meat rations
 G - a chunk of quokka flesh
Scrolls
 f - 2 scrolls of remove curse
 j - a scroll of amnesia {unknown}
 k - a scroll of enchant weapon {unknown}
 q - a scroll of enchant armour {unknown}
 w - a scroll of teleportation {unknown}
 y - a scroll of magic mapping {unknown}
 B - a scroll of blinking {unknown}
 C - 2 scrolls of recharging {unknown}
 F - a scroll of identify
Jewellery
 g - a +4 ring of dexterity (left hand)
 n - a ring of teleport control (right hand)
 u - a +3 ring of protection {unknown}
 v - an uncursed ring of stealth
 I - an uncursed ring of protection from magic {unknown}
Potions
 e - 2 potions of curing
 i - a potion of confusion
 l - a potion of mutation
 o - a potion of berserk rage {unknown}
 p - a potion of agility {unknown}
 s - a potion of cancellation {unknown}
 t - a potion of restore abilities {unknown}
 H - a potion of poison {unknown}
Books
 c - a book of Battle

   Spells                             Type                      Level
   *Infusion                          Charms                       1
   Shroud of Golubria                 Charms/Translocation         2
   Song of Slaying                    Charms                       2
   Spectral Weapon                    Hexes/Charms                 3
   Regeneration                       Charms/Necromancy            3
 A - a Necronomicon {highlevel, unknown}

   This book is beyond your current level of understanding.

   Spells                             Type                      Level
   Haunt                              Necromancy/Summoning         7
   Borgnjor's Revivification          Necromancy                   8
   Death's Door                       Charms/Necromancy            8
   Necromutation                      Transmutation/Necromancy     8
Magical staves
 D - an uncursed staff of energy {unknown}


   Skills:
 - Level 2.3 Fighting
 - Level 8.0 Polearms
 - Level 0.7 Armour
 - Level 1.8 Dodging
 - Level 2.1 Spellcasting
 + Level 6.7 Charms


You had 9 spell levels left.
You knew the following spells:

 Your Spells              Type           Power        Failure   Level  Hunger
a - Infusion              Chrm           ###...       1%          1    #......


Dungeon Overview and Level Annotations

Branches:
Dungeon (8/15)
 Temple: D:4-7         Lair: D:8-11

Altars:
Ashenzari
Cheibriados

Annotations:
D:5 Sigmund; krech's ghost, experienced HuGl


Message History

The quokka bites you.
* * * LOW HITPOINT WARNING * * *
The quokka bites you but does no damage.
The spriggan baker hits you with a dagger.
* * * LOW HITPOINT WARNING * * *
There is a stone staircase leading down here.
The quokka bites you but does no damage.
The spriggan baker hits you with a dagger!
* * * LOW HITPOINT WARNING * * *
Found 12 gold pieces.
The quokka twitches its whiskers.
The quokka completely misses you. The quokka bites you.
* * * LOW HITPOINT WARNING * * *
The quokka closely misses you.
There is a stone staircase leading down here.
The quokka bites you.
* * * LOW HITPOINT WARNING * * *
The spriggan baker hits you with a dagger.
You die...

.### ##'''# .....# #..... .
#..###..... .## #..).#..8.. ...
## ##.##...... #.# %% #.####....
. #.########.## #.# #.... #..
#........#..# #.# #.... #...
#.##...@.#'# #.# #.#..
#....#####......ri..# ##.##
#.#..
#.........##......####..>###.#..
#..###.######...#.###...>.##.#..
#....$i.i..................#.#..
##.###.##########.###.....##.#..
#.# #.# #....###.#.. #.#
..###.##.###.#.. ...
#...............


You could see a spriggan baker and a quokka.

Vanquished Creatures
  An ogre (D:7)
  A goliath beetle (D:7)
  2 orc priests
  3 orc wizards
  3 worker ants
  Jessica (D:3)
  An ogre skeleton (D:6)
  8 adders
  An orc skeleton (D:5)
  A giant mite (D:3)
  An adder skeleton (D:4)
  4 oozes
  20 orcs
  2 ball pythons (D:1)
  3 giant cockroaches
  10 hobgoblins
  10 kobolds
  3 quokkas
  13 bats
  5 giant geckos
  4 giant newts
  11 goblins
  7 rats
115 creatures vanquished.

Notes
Turn   | Place    | Note
--------------------------------------------------------------
     0 | D:1      | Aelig, the Merfolk Skald, began the quest for the Orb.
     0 | D:1      | Reached XP level 1. HP: 16/16 MP: 3/3
   336 | D:2      | Reached XP level 2. HP: 12/23 MP: 0/4
   536 | D:2      | Reached skill level 4 in Charms
   536 | D:2      | Reached XP level 3. HP: 23/28 MP: 1/6
  1293 | D:1      | Reached XP level 4. HP: 30/34 MP: 7/7
  1807 | D:3      | Reached skill level 5 in Polearms
  1878 | D:3      | Noticed Jessica
  1888 | D:3      | Killed Jessica
  1973 | D:3      | Reached XP level 5. HP: 37/39 MP: 9/9
  1974 | D:3      | Reached skill level 6 in Polearms
  2560 | D:5      | Entered Level 5 of the Dungeon
  2560 | D:5      | Noticed krech's ghost (experienced HuGl)
  2569 | D:4      | Reached skill level 7 in Polearms
  2570 | D:4      | Found a shattered altar of Ashenzari.
  2674 | D:4      | Reached XP level 6. HP: 45/45 MP: 10/10
  2682 | D:4      | Reached skill level 8 in Polearms
  2727 | D:4      | Noticed an orc warrior
  3247 | D:3      | Reached skill level 5 in Charms
  3933 | D:5      | Reached XP level 7. HP: 51/51 MP: 12/12
  3953 | D:5      | Noticed Sigmund
  4042 | D:5      | Noticed a troll
  4341 | D:7      | Found a snail-covered altar of Cheibriados.
  4432 | D:7      | Noticed a spriggan baker
  4461 | D:7      | Slain by a spriggan baker

Action                   |  1- 3 |  4- 6 |  7- 9 || total
-------------------------+-------+-------+-------++-------
Melee: Spear             |    39 |       |       ||    39
       Halberd           |    68 |   188 |    49 ||   305
 Cast: Infusion          |     4 |       |       ||     4
  Use: Scroll            |       |     1 |     3 ||     4
       Potion            |       |       |     1 ||     1
 Stab: Sleeping          |       |     3 |     1 ||     4
  Eat: Chunk             |     1 |     5 |     1 ||     7
       Bread ration      |       |     1 |       ||     1
